 Dungeon Crawl Stone Soup version 0.26.1-11-gd32895ea62 (webtiles) character file.

Game seed: 7592177316510855721

183 Arcadio the Firebug (level 5, -4/35 HPs)
             Began as a Human Fire Elementalist on May 21, 2021.
             Was a Follower of Sif Muna.
             Killed by divine providence
             ... invoked by an orc priest
              (14 damage)
             ... on level 3 of the Dungeon.
             The game lasted 00:11:34 (4346 turns).

Arcadio the Firebug (Human Fire Elementalist)       Turns: 4346, Time: 00:11:35

Health: -4/35      AC:  2    Str:  9    XL:     5   Next: 94%
Magic:  2/8        EV: 13    Int: 16    God:    Sif Muna [*.....]
Gold:   207        SH:  0    Dex: 13    Spells: 1/8 levels left

rFire    . . .     SeeInvis .   l - +0 flail
rCold    . . .     Faith    .   (no shield)
rNeg     . . .     Spirit   .   a - +0 robe
rPois    .         Reflect  .   (no helmet)
rElec    .         Harm     .   (no cloak)
rCorr    .         Rampage  .   (no gloves)
Will     .....                  (no boots)
Stlth    ++........             (no amulet)
HPRegen  0.11/turn              (no ring)
MPRegen  0.11/turn              (no ring)

@: no status effects
A: no striking features
a: Renounce Religion, Channel Magic


You were on level 3 of the Dungeon.
You worshipped Sif Muna.
Sif Muna was aware of your devotion.
You visited 1 branch of the dungeon, and saw 3 of its levels.

You collected 207 gold pieces.

Inventory:

Hand Weapons
 e - a +0 whip
 l - a +0 flail (weapon)
Armour
 a - a +0 robe (worn)
 g - a +0 cloak
 k - a +0 pair of boots
 n - a +0 pair of gloves
Jewellery
 d - an uncursed ring of see invisible {unknown}
 j - an uncursed ring of wizardry {unknown}
Scrolls
 c - a scroll of amnesia
 f - 2 scrolls of teleportation {unknown}
 i - a scroll of remove curse {unknown}
 o - 2 scrolls of enchant weapon {unknown}
 p - 2 scrolls of enchant armour {unknown}
 q - a scroll of identify
Potions
 b - 3 potions of lignification
 h - a potion of flight
 m - a potion of curing


   Skills:
 + Level 3.5 Dodging
 - Level 2.0 Stealth
 - Level 2.0 Spellcasting
 + Level 3.1 Conjurations
 + Level 4.2 Fire Magic


You had one spell level left.
You knew the following spells:

 Your Spells              Type           Power        Failure   Level
a - Foxfire               Conj/Fire      52%          4%          1
b - Conjure Flame         Conj/Fire      13%          14%         3
c - Inner Flame           Hex/Fire       8%           26%         3

Your spell library contained the following spells:

 Spells                   Type           Power        Failure   Level
 Sticky Flame             Conj/Fire      13%          41%         4
 Fireball                 Conj/Fire      6%           77%         5


Dungeon Overview and Level Annotations

Branches:
Dungeon (3/15)

Altars:
Sif Muna


Message History

Confirm with . or Enter, or press ? or * to list all spells.
You conjure some foxfire!
The foxfire hits the orc priest.
The orc priest is severely wounded.
Your foxfire dissipates!
Casting: Foxfire (safe; 4% risk of failure)
Confirm with . or Enter, or press ? or * to list all spells.
You conjure some foxfire!
The foxfire hits the orc priest.
The orc priest is severely wounded.
Your foxfire dissipates!
Casting: Foxfire (safe; 4% risk of failure)
Confirm with . or Enter, or press ? or * to list all spells.
You conjure some foxfire!
The foxfire hits the orc priest.
The orc priest is severely wounded.
Your foxfire dissipates!
Casting: Foxfire (safe; 4% risk of failure)
Confirm with . or Enter, or press ? or * to list all spells.
You conjure some foxfire!
The orc priest invokes the aid of Beogh against you.
Beogh smites you!
You die...

#.## ...# #####
#..# ....### #..#
......# #..# ##
#.....###..# .##
#........v.# #.##
##.....# #@#
##.##.##.....# #v#
##...##.## #o#
##.####...######.#
#.........†.))...#
..#####...########
.## ##.## .. ...#
### #####


You could see an orc priest.

Vanquished Creatures
  4 gnolls (D:2)
  5 adders
  An ooze (D:3)
  2 worms
  2 dart slugs
  2 leopard geckos (D:2)
  7 orcs
  2 ball pythons
  10 bats
  5 giant cockroaches
  4 goblins
  6 hobgoblins
  8 jackals
  6 kobolds
  A quokka (D:3)
  2 frilled lizards
  9 rats
76 creatures vanquished.

Vanquished Creatures (others)
  158 foxfires
158 creatures vanquished.

Grand Total: 234 creatures vanquished

Notes
Turn   | Place    | Note
-------+----------+-------------------------------------------
     0 | D:1      | Arcadio the Human Fire Elementalist began the quest for the
                  | Orb.
     0 | D:1      | Reached XP level 1. HP: 13/13 MP: 3/3
   379 | D:1      | Reached XP level 2. HP: 17/19 MP: 0/5
  1125 | D:1      | Reached XP level 3. HP: 21/24 MP: 6/6
  2148 | D:2      | Found a shimmering blue altar of Sif Muna.
  2157 | D:2      | Became a worshipper of Sif Muna the Loreminder
  2283 | D:2      | Reached XP level 4. HP: 30/30 MP: 5/7
  2601 | D:2      | Learned a level 3 spell: Conjure Flame
  2689 | D:2      | Reached XP level 5. HP: 30/35 MP: 4/8
  2697 | D:2      | Reached skill level 4 in Fire Magic
  3435 | D:3      | Reached * piety under Sif Muna
  3563 | D:3      | Learned a level 3 spell: Inner Flame
  4346 | D:3      | Killed from afar by an orc priest

Illustrated notes

Levels and vault maps discovered:
D:1:      tarquinn_simple_flora_water_c, layout_basic, kennysheep_small_spiral,
          st_stairs_14
D:2:      layout_loops_ring, old_standard_altar, nrook_campfire
D:3:      layout_loops_ring

Skill      XL: |  1  2  3  4  5 |
---------------+----------------+-----
Conjurations   | 2 3 |  3.1
Dodging        | 3 |  3.5
Fire Magic     | 4 |  4.2
Stealth        | |  2.0
Spellcasting   | |  2.0

Action                   |  1- 3 |  4- 6 || total
-------------------------+-------+-------++-------
Melee: Unarmed           |     4 |       ||     4
       Whip              |    90 |     4 ||    94
       Flail             |       |    34 ||    34
 Cast: Foxfire           |    32 |    73 ||   105
       Conjure Flame     |       |     2 ||     2
  Use: Scroll            |     3 |     2 ||     5
       Potion            |       |     1 ||     1
 Stab: Sleeping          |     3 |     1 ||     4
Armor: Robe              |    41 |     4 ||    45
Dodge: Dodged            |   118 |    34 ||   152
